 Dungeon Crawl Stone Soup version 0.22-a0-558-gc224181 (webtiles) character file.

43 Amnesiac the Vexing (level 3, -3/24 HPs)
             Began as a Mummy Enchanter on June 27, 2018.
             Slain by a hound (5 damage)
             ... on level 4 of the Dungeon.
             The game lasted 00:04:12 (1438 turns).

Amnesiac the Vexing (Mummy Enchanter)               Turns: 1438, Time: 00:04:13

Health: -3/24      AC:  3    Str: 11    XL:     3   Next: 37%
Magic:  0/7        EV: 11    Int: 15    God:
Gold:   79         SH:  0    Dex: 12    Spells: 3/8 levels left

rFire    x . .     SeeInvis .   a - +1 dagger
rCold    + . .     Gourm    .   (no shield)
rNeg     + + +     Faith    .   i - +0 leather armour (curse)
rPois    ∞         Spirit   .   (no helmet)
rElec    .         Reflect  .   (no cloak)
rCorr    .         Harm     .   (no gloves)
MR       .....                  (no boots)
Stlth    ++........             d - amulet of the acrobat
HPRegen  0.08/turn              (no ring)
MPRegen  0.10/turn              (no ring)

@: very slightly contaminated
A: no food or potions, fire vulnerability, cold resistance 1, negative energy
resistance 3, torment resistance, unbreathing
a: no special abilities


You were on level 4 of the Dungeon.
You were not hungry.

You visited 1 branch of the dungeon, and saw 4 of its levels.

You collected 79 gold pieces.

Inventory:

Hand Weapons
 a - a +1 dagger (weapon)
Missiles
 c - 16 sling bullets
 g - 8 curare-tipped needles
 h - 26 stones (quivered)
Armour
 b - a +0 robe
 i - a cursed +0 leather armour (worn)
Jewellery
 d - an amulet of the acrobat (around neck)
Scrolls
 e - a scroll of remove curse {!r}
 f - 2 scrolls of fog {!r}


   Skills:
 - Level 1.0 Short Blades
 - Level 1.5 Dodging
 + Level 2.7 Stealth
 + Level 3.3 Spellcasting
 * Level 3.4 Hexes


You had 3 spell levels left.
You knew the following spells:

 Your Spells              Type           Power        Failure   Level  Hunger
a - Ensorcelled Hibernat  Hex/Ice        #.....       19%         2    N/A
e - Confuse               Hex            ##......     19%         3    N/A

Your spell library contained the following spells:

 Spells                   Type           Power        Failure   Level  Hunger
 Tukima's Dance           Hex            ##......     19%         3    N/A
 Corona                   Hex            ##.....      6%          1    N/A
 Dazzling Spray           Conj/Hex       #.....       36%         3    N/A

Dungeon Overview and Level Annotations

Branches:
Dungeon (4/15)
 Temple: D:4-7

Altars:
Cheibriados
Elyvilon
Okawaru
Uskayaw
Yredelemnul

Annotations:
D:2 Terence


Innate Abilities, Weirdness & Mutations

You do not eat or drink.
Your flesh is vulnerable to fire.
You are immune to poison.
Your flesh is cold resistant. (rC+)
You are immune to negative energy. (rN+++)
You are immune to unholy pain and torment.
You can survive without breathing.


Message History

d - a dented copper amulet Put on which piece of jewellery? (? for menu, Esc to quit)
Your injuries prevent the amulet from attuning itself.
d - an amulet of the acrobat (around neck)
A hound comes into view.
The hound barks!
Casting: Confuse (safe; 19% risk of failure)
Confirm with . or Enter, or press ? or * to list all spells.
Aiming: Ensorcelled Hibernation (safe; 19% risk of failure)
Press: ? - help, Shift-Dir - straight line, f - hound
Aim: a hound (chance to defeat MR: 48%)
The hound resists with some effort.
The hound bites you but does no damage.
Unknown command.
The hound misses you. The hound barely misses you. The hound bites you.
* * * LOW HITPOINT WARNING * * *
Okay, then.
The hound bites you but does no damage. The hound bites you.
* * * LOW HITPOINT WARNING * * *
The hound barely misses you. The hound barely misses you.
Casting: Ensorcelled Hibernation (safe; 19% risk of failure)
Confirm with . or Enter, or press ? or * to list all spells.
Aiming: Ensorcelled Hibernation (safe; 19% risk of failure)
Press: ? - help, Shift-Dir - straight line, f/p - hound
Aim: a hound (chance to defeat MR: 48%)
You miscast Ensorcelled Hibernation.
You are very lightly contaminated with residual magic.
Nothing appears to happen.
The hound misses you.
Unknown command.
The hound bites you.
* * * LOW HITPOINT WARNING * * *
You hit the hound.
The hound is lightly wounded.
The hound completely misses you.
You closely miss the hound.
The hound is lightly wounded.
The hound misses you. x2
You hit the hound.
The hound is moderately wounded.
The hound barely misses you.
You barely miss the hound.
The hound is moderately wounded.
The hound barely misses you.
You hit the hound.
The hound is heavily wounded.
The hound bites you.
* * * LOW HITPOINT WARNING * * *
The hound closely misses you.
You hit the hound.
The hound is severely wounded.
The hound misses you.
You hit the hound but do no damage.
The hound is severely wounded.
The hound bites you.
* * * LOW HITPOINT WARNING * * *
The hound bites you.
* * * LOW HITPOINT WARNING * * *
You hit the hound.
The hound is severely wounded.
The hound bites you.
You die...

##################
.................#
################@########
#.h......... #.#.........
#.##########
##############.#.........
....[........#.#.########
############.#.#.# ###
#.#.#.#...
############.#.#.#.###..


You could see a hound.

Vanquished Creatures
  2 adders
  A dart slug (D:1)
  An orc (D:4)
  2 bats
  4 giant cockroaches
  2 goblins
  4 hobgoblins
  A frilled lizard (D:3)
  4 rats
21 creatures vanquished.

Notes
Turn   | Place    | Note
-------+----------+-------------------------------------------
     0 | D:1      | Amnesiac the Mummy Enchanter began the quest for the Orb.
     0 | D:1      | Reached XP level 1. HP: 13/13 MP: 4/4
   202 | D:1      | Reached skill level 1 in Short Blades
   226 | D:1      | Reached XP level 2. HP: 11/19 MP: 3/5
   250 | D:1      | Learned a level 2 spell: Ensorcelled Hibernation
   656 | D:2      | Noticed Terence
   770 | D:3      | Reached XP level 3. HP: 24/24 MP: 7/7
   775 | D:3      | Learned a level 3 spell: Confuse
   913 | D:3      | Found a hide-covered altar of Uskayaw.
   917 | D:3      | Found a basalt altar of Yredelemnul.
   917 | D:3      | Found a white marble altar of Elyvilon.
   918 | D:3      | Found a snail-covered altar of Cheibriados.
   961 | D:3      | Found a faded altar of an unknown god.
   983 | D:3      | Found an iron altar of Okawaru.
  1438 | D:4      | Slain by a hound

Vault maps used:
D:1:      kennysheep_arrival_forest
D:2:      uniq_terence, uniq_natasha
D:3:      minitemple, lemuel_doored_altar, chequers_ecumenical_altar_island
D:4:      serial_shops, nicolae_shop_competitors_out_of_business,
          nicolae_shop_trees, nicolae_shop_behind_doors, kennysheep_mini_moat,
          nicolae_shop_crystal, first_ration

Skill      XL: |  1  2 |
---------------+-------+-----
Short Blades   | 1 |  1.0
Hexes          | 3 |  3.4
Spellcasting   | 3 |  3.3
Dodging        | |  1.5
Stealth        | |  2.7

Action                   || total
-------------------------++-------
Melee: Dagger            ||    60
 Cast: Corona            ||     6
       Ensorcelled Hiber ||    21
       Confuse           ||     3
  Use: Scroll            ||     4
 Stab: Sleeping          ||    12
Armor: Robe              ||     8
       Leather armour    ||     7
Dodge: Dodged            ||    53

Table legend:
 A = Spawn XP
 B = Non-spawn XP
 C = Spawn XP percentage of total XP
 D = Spawn monster count
 E = Non-spawn monster count
 F = Spawn count percentage of total count
 G = Total turns spent on level
                    A         B        C        D         E        F      G
               +---------+---------+-------+---------+---------+-------+---------
         Total |       0 |      62 |   0.0 |       0 |      21 |   0.0 |  1438
               +---------+---------+-------+---------+---------+-------+---------
           D:1 |       0 |      16 |   0.0 |       0 |       8 |   0.0 |   434
           D:2 |       0 |      17 |   0.0 |       0 |       3 |   0.0 |   235
           D:3 |       0 |      23 |   0.0 |       0 |       7 |   0.0 |   395
           D:4 |       0 |       6 |   0.0 |       0 |       3 |   0.0 |   374
               +---------+---------+-------+---------+---------+-------+---------
